 Dungeon Crawl Stone Soup version 0.27.0-1-g7a089689b8 (webtiles) character file.

Game seed: 8767351545088410271

37 sanka the Ruffian (level 3, -1/31 HPs)
             Began as a Naga Transmuter on Aug 8, 2021.
             Slain by a goblin (5 damage)
             ... led by Robin
             ... on level 2 of the Dungeon.
             The game lasted 00:02:33 (1942 turns).

sanka the Ruffian (Naga Transmuter)                 Turns: 1942, Time: 00:02:33

Health: -1/31      AC:  2    Str: 12    XL:     3   Next: 39%
Magic:  3/6        EV: 18    Int: 14    God:
Gold:   39         SH:  0    Dex: 16    Spells: 0/6 levels left

rFire    . . .     SeeInvis +     - Unarmed
rCold    . . .     Faith    .   (shield currently unavailable)
rNeg     . . .     Spirit   .   (armour currently unavailable)
rPois    x         Reflect  .   (helmet currently unavailable)
rElec    .         Harm     .   (cloak currently unavailable)
rCorr    .         Rampage  .   (gloves currently unavailable)
Will     .....                  (no barding)
Stlth    +.........             (no amulet)
HPRegen  0.10/turn              (no ring)
MPRegen  0.10/turn              (no ring)

@: spider-form
A: venomous fangs, AC +1, tiny, see invisible, (deformed body), (poison
resistance), (slowness 2), spit poison 1, (naga tail 1)
a: Spit Poison, End Transformation


You were on level 2 of the Dungeon.
You were a venomous arachnid creature.
You visited 1 branch of the dungeon, and saw 2 of its levels.

You collected 39 gold pieces.


Innate Abilities, Weirdness & Mutations

You are a venomous arachnid creature.
You have poisonous fangs.
You are tiny and dextrous.
Your spellcasting is less reliable in this form.
Your armour is entirely melded.
You are incapable of wielding weapons or throwing items.
((Your serpentine skin is tough. (AC +1)))
You have supernaturally acute eyesight. (SInv)
((Armour fits poorly on your strangely shaped body.))
((Your system is resistant to poisons. (rPois)))
((You cover ground very slowly.))
You can spit poison.
((You have a snake-like lower body.))


   Skills:
 - Level 1.0 Fighting
 - Level 1.5 Dodging
 - Level 3.0 Unarmed Combat
 - Level 2.0 Spellcasting
 + Level 2.9 Transmutations
 + Level 2.6 Poison Magic


You couldn't memorise any spells.
You knew the following spells:

 Your Spells              Type           Power      Damage    Failure   Level
x - Spider Form           Tmut/Pois      4%         N/A       43%         3
y - Wereblood             Tmut           9%         N/A       26%         2
z - Beastly Appendage     Tmut           18%        N/A       19%         1

Your spell library contained the following spells:

 Spells                   Type           Power      Damage    Failure   Level
 Corona                   Hex            1%         N/A       45%         1
 Gell's Gravitas          Tloc           0%         N/A       77%         3
 Teleport Other           Tloc           1%         N/A       77%         3
 Tukima's Dance           Hex            1%         N/A       77%         3
 Ice Form                 Ice/Tmut       5%         N/A       91%         4
 Metabolic Englaciation   Hex/Ice        0%         N/A       100%        5
 Dispersal                Tloc           0%         N/A       100%        6

Inventory:

Armour
 a - a +0 robe (melded)
Scrolls
 b - 2 scrolls of blinking {unknown}
 c - 3 scrolls of identify {unknown}
 d - a scroll of magic mapping {unknown}
 h - a scroll of fog {unknown}
 i - a scroll of teleportation {unknown}
Potions
 e - 2 potions of heal wounds {unknown}
 f - 2 potions of degeneration {unknown}
 g - a potion of flight {unknown}
 j - a potion of curing {unknown}

Dungeon Overview and Level Annotations

Branches:
Dungeon (2/15)

Altars:

Annotations:
D:2 Robin

▒.▒▒.▒▒▒▒...▒.▒ ▒.......▒
▒.▒....▒▒.▒.▒.▒ ▒▒▒▒.......▒
▒..).▒.▒▒.▒.▒.▒ ▒.<........▒
...▒..▒.▒▒.▒.▒.▒ ▒..........▒
▒▒.▒..▒......▒.▒ ▒.)).......▒
..▒..▒▒▒▒.▒▒▒.▒ ▒....▒▒▒▒▒▒▒
▒▒.▒..▒▒▒▒.....▒ ▒....▒
▒.▒........▒▒▒▒▒▒....▒▒▒▒▒▒▒▒ ♣
▒.▒........▒▒..sgg..g.......▒ ♣
▒▒....(.....▒▒.▒▒▒....▒▒▒▒▒..▒ ▒
............'[...▒....gg.....▒▒▒▒
▒▒▒▒▒▒......▒▒.▒.▒▒▒▒.▒▒▒▒▒...g.▒
▒......▒▒.▒.▒ ▒.▒ ▒...g.÷
▒...▒▒▒▒▒.▒.▒ ▒.▒ ▒.....▒ ▒...▒
▒.▒.▒ ▒.▒ ▒.....▒ ▒...▒ ▒.▒.▒ ▒.▒
▒...(.▒ ▒▒+▒▒ ▒.▒.▒ ▒▒+▒+▒▒


You could see Robin, 3 hobgoblins and a goblin (strong).


Message History

Robin throws the goblin at you! The goblin hits you but does no damage.
Robin roars a battlecry!
The goblin goes into a battle-frenzy!
The goblin hits you with a +0 dagger. The goblin hits you with a +0 dagger.
* * * LOW HITPOINT WARNING * * *
The hobgoblin no longer looks unusually strong.
The goblin hits you but does no damage.
The hobgoblin hits you but does no damage.
Robin roars a battlecry!
The hobgoblin goes into a battle-frenzy!
The goblin completely misses you.
A hobgoblin comes into view.
The hobgoblin hits you.
* * * LOW HITPOINT WARNING * * *
You hear a shout!
There is an open door, spattered with blood here.
The spell is quite dangerous to cast (22% risk of failure)!
Continue anyway?
You turn into a venomous arachnid creature.
The goblin hits you with a +0 dagger.
* * * LOW HITPOINT WARNING * * *
Robin roars a battlecry!
The hobgoblin goes into a battle-frenzy!
A hobgoblin comes into view.
You hear a shout!
Unknown command.
You closely miss the goblin. The goblin hits you with a +0 dagger.
You die...

Action                   || total
-------------------------++-------
Melee: Unarmed           ||    29
       Headbutt          ||     4
       Punch             ||     1
 Cast: Beastly Appendage ||     6
       Spider Form       ||     1
 Abil: Spit Poison       ||    21
Armor: Robe              ||     7
Dodge: Dodged            ||    13

Levels and vault maps discovered:
D:1:      tarquinn_simple_flora_water_b, layout_basic,
          shapermc_ecumenical_altar_mp_highgroup, hangedman_decor_growths,
          chequers_serial_rivers_room_a
D:2:      layout_basic, uniq_crazy_yiuf_cottage, uniq_robin

Notes
Turn   | Place    | Note
-------+----------+-------------------------------------------
     0 | D:1      | sanka the Naga Transmuter began the quest for the Orb.
     0 | D:1      | Reached XP level 1. HP: 18/18 MP: 3/3
   207 | D:1      | Got the Grimoire of Malediction
   404 | D:1      | Found a faded altar of an unknown god.
   408 | D:1      | Reached skill level 1 in Poison Magic
   615 | D:1      | Reached XP level 2. HP: 25/25 MP: 5/5
  1065 | D:1      | Reached skill level 2 in Poison Magic
  1591 | D:2      | Reached XP level 3. HP: 31/31 MP: 6/6
  1609 | D:2      | Learned a level 2 spell: Wereblood
  1613 | D:2      | Learned a level 3 spell: Spider Form
  1913 | D:2      | Noticed Robin
  1942 | D:2      | Slain by a goblin

Vanquished Creatures
  An adder (D:2)
  2 dart slugs (D:1)
  An endoplasm (D:2)
  A giant cockroach (D:1)
  A goblin (D:2)
  7 hobgoblins (D:1)
  4 kobolds
  A quokka (D:1)
  2 ball pythons (D:1)
  A bat (D:1)
  A rat (D:2)
22 creatures vanquished.
